 Dungeon Crawl Stone Soup version 0.30-a0-622-gddc90eaa04 (webtiles) character file.

Game seed: 18442432215574557712

49 wormed the Insei (level 3, -6/23 HPs)
             Began as an Octopode Transmuter on Jan 11, 2023.
             Mangled by a goblin
             ... wielding a +2 dagger of venom
             ... led by Robin
              (8 damage)
             ... on level 2 of the Dungeon.
             The game lasted 00:01:44 (1486 turns).

wormed the Insei (Octopode Transmuter)              Turns: 1486, Time: 00:01:45

Health: -6/23      AC:  1    Str:  9    XL:     3   Next: 77%
Magic:  5/7        EV: 13    Int: 17    God:
Gold:   71         SH:  0    Dex: 12    Spells: 4/7 levels left

rFire   . . .      SeeInvis .      - Unarmed
rCold   . . .      Faith    .    (no shield)
rNeg    . . .      Spirit   .    (helmet restricted)
rPois   .          Reflect  .    (no amulet)
rElec   .          Harm     .    (no ring)
rCorr   .          Rampage  .    (no ring)
Will    .....                    (no ring)
Stlth   ++                       (no ring)
HPRegen 0.23/turn                (no ring)
MPRegen 0.10/turn                (no ring)
                                 (no ring)
                                 (no ring)

@: lethally poisoned (-6 -> -22)
A: almost no armour, amphibious, 8 rings, camouflage 1, gelatinous body 1,
(nimble swimmer 1), tentacles
a: no special abilities


You were on level 2 of the Dungeon.
You visited 1 branch of the dungeon, and saw 2 of its levels.

You collected 71 gold pieces.

Inventory:

Scrolls
 b - a scroll of torment {unknown}
 d - a scroll of teleportation {unknown}
 e - 2 scrolls of identify {unknown}
 f - a scroll of magic mapping {unknown}
Potions
 a - a potion of lignification
 c - a potion of haste {unknown}
 g - 2 potions of cancellation


   Skills:
 - Level 1.0 Fighting
 - Level 2.0 Dodging
 - Level 3.0 Unarmed Combat
 + Level 2.7 Spellcasting
 + Level 2.7 Transmutations
 + Level 1.6 Ice Magic


You had 4 spell levels left.
You knew the following spells:

 Your Spells              Type           Power      Damage    Failure   Level
a - Beastly Appendage     Tmut           22%        N/A       6%          1
b - Wereblood             Tmut           11%        N/A       9%          2

Your spell library contained the following spells:

 Spells                   Type           Power      Damage    Failure   Level
 Spider Form              Tmut/Pois      7%         N/A       30%         3
 Ice Form                 Ice/Tmut       9%         N/A       58%         4


Dungeon Overview and Level Annotations

Branches:
Dungeon (2/15)

Altars:

Annotations:
D:2 Robin


Innate Abilities, Weirdness & Mutations

You cannot wear most types of armour.
You are amphibious.
You can wear up to eight rings at the same time.
Your skin changes colour to match your surroundings (Stealth+).
Your rubbery body absorbs attacks. (AC +1, EV +1)
((You are camouflaged when in or above water. (Stealth+)))
You have tentacles for arms and can constrict up to eight enemies at once.


Message History

Your grab misses the goblin.
You hear a shout! x2
A goblin comes into view. It is wielding a +0 dagger.
A hobgoblin and 2 goblins come into view.
The goblin hits you with a +0 dagger. The goblin barely misses you.
The hobgoblin moves out of view.
The goblin moves out of view.
You closely miss the goblin.
The goblin shouts! x2
You grab the goblin. You squeeze the goblin.
The goblin is severely wounded.
Your transformation is almost over.
You constrict the goblin.
You feel a bit better.
You kill the goblin!
A goblin comes into view. It is wielding a +0 club.
The goblin hits you with a +0 dagger.
Robin roars a battlecry!
The goblins go into a battle-frenzy!
The hobgoblin shouts!
The goblin shouts!
You hear a shout!
A hobgoblin and a kobold come into view.
The hobgoblin shouts!
The kobold shouts!
The goblin hits you with a +2 dagger of venom!
You are lethally poisoned!
Things that are here:
a +0 dagger; a +0 sling of flaming; a goblin corpse You closely miss the goblin.
You grab the goblin.
You pierce the goblin.
You feel a bit better.
You kill the goblin!
You feel very sick.
A goblin comes into view. It is wielding a +0 club.
The goblin hits you with a +2 dagger of venom.
You are more poisoned.
It was a potion of cancellation.
Your magical effects are unravelling.
You feel magically purged.
You howl as the wereblood boils in your veins!
Your tentacle spike disappears.
Your primal bloodlust has ended.
* * * LOW HITPOINT WARNING * * *
You feel very sick.
The goblin hits you with a +2 dagger of venom!
You die...

.##.# #.........###.#####.#
.##.# #.##.###......#...#.#
.##.#####.###.#.......#...#.#
รท..........###.#.#####.....##
.###.####..# ###.# ##...## .#
#.# #..#####.# ##.## .# #.#
#........# #.# .# #.#
#..#####)# #.# .# #.# ##.# #@#
#.# .. ... #.# #g# #.# ## ..#
#.# #g# #.# #.#


#gg ..# #.# #g. #.. ggK. .gg. ..... You could see Robin, 8 goblins and a kobold.

Vanquished Creatures
  2 adders (D:2)
  4 endoplasms (D:1)
  A giant cockroach (D:1)
  5 goblins
  3 hobgoblins (D:1)
  2 jackals (D:1)
  3 quokkas (D:1)
  A ball python (D:1)
  2 bats
  2 kobolds (D:1)
  5 rats (D:1)
30 creatures vanquished.

Notes
Turn   | Place    | Note
-------+----------+-------------------------------------------
     0 | D:1      | wormed the Octopode Transmuter began the quest for the Orb.
     0 | D:1      | Reached XP level 1. HP: 13/13 MP: 3/3
    22 | D:1      | Found a faded altar of an unknown god.
   143 | D:1      | Reached XP level 2. HP: 18/18 MP: 3/5
   522 | D:1      | Reached skill level 1 in Ice Magic
   699 | D:1      | Reached XP level 3. HP: 8/23 MP: 4/6
   702 | D:1      | Learned a level 2 spell: Wereblood
  1480 | D:2      | Noticed Robin
  1486 | D:2      | Mangled by a goblin

Illustrated notes

Levels and vault maps discovered:
D:1:      dpeg_arrival_pond, layout_basic, dreamdust_ecumenical_altar_statues
D:2:      layout_loops_ring, uniq_jessica, uniq_robin

Skill      XL: |  1  2 |
---------------+-------+-----
Ice Magic      | 1 |  1.6
Fighting       | |  1.0
Dodging        | |  2.0
Unarmed Combat | |  3.0
Spellcasting   | |  2.7
Transmutations | |  2.7

Action                   || total
-------------------------++-------
Melee: Unarmed           ||    65
       Constrict         ||    21
       Kick              ||    25
       Tentacles         ||    11
       Punch             ||     2
 Cast: Beastly Appendage ||    21
       Wereblood         ||     4
  Use: Potion            ||     1
 Stab: Sleeping          ||     3
Armor: Skin              ||     7
Dodge: Dodged            ||    29

Table legend: (Time is in decaauts)
 A = Elapsed time spent in this place.
 B = Non-inter-level travel time spent in this place.
 C = Inter-level travel time spent in this place.
 D = Time resting spent in this place.
 E = Time spent auto-exploring this place.
 F = Levels seen in this place.
 G = Mean time per level.
                   A        B        C        D        E       F      G
               +--------+--------+--------+--------+--------+-----+--------+
         Total |   1481 |   1403 |     78 |      0 |   1178 |   2 |  740.5 |
       Dungeon |   1481 |   1403 |     78 |      0 |   1178 |   2 |  740.5 |
               +--------+--------+--------+--------+--------+-----+--------+

Top non-repeatable levels by time:
     D:1: 1175 daAuts
     D:2: 306 daAuts
